 Dungeon Crawl Stone Soup version 0.22.1-1-ga44c0e56f4 (webtiles) character file.

203 DenSaoPin the Insei (level 5, -1/42 HPs)
             Began as a Demonspawn Gladiator on Oct 19, 2018.
             Killed by divine providence
             ... invoked by an orc priest
              (15 damage)
             ... on level 3 of the Dungeon.
             The game lasted 00:07:28 (3927 turns).

DenSaoPin the Insei (Demonspawn Gladiator)          Turns: 3927, Time: 00:07:30

Health: -1/42      AC:  3    Str: 14    XL:     5   Next: 51%
Magic:  5/5        EV: 12    Int: 10    God:
Gold:   108        SH:  0    Dex: 15    Spells: 4/4 levels left

rFire    . . .     SeeInvis .     - Unarmed
rCold    . . .     Gourm    .   (no shield)
rNeg     . . .     Faith    .   a - +0 leather armour
rPois    .         Spirit   .   (helmet restricted)
rElec    .         Reflect  .   (no cloak)
rCorr    .         Harm     .   (no gloves)
MR       .....                  (no boots)
Stlth    ++........             (no amulet)
HPRegen  0.14/turn              (no ring)
MPRegen  0.09/turn              (no ring)

@: lethally poisoned (-1 -> -3)
A: antennae 2, hooves 1, nightstalker 1
a: no special abilities


You were on level 3 of the Dungeon.
You were hungry.

You visited 1 branch of the dungeon, and saw 3 of its levels.

You collected 108 gold pieces.

Inventory:

Missiles
 c - 3 throwing nets (quivered)
Armour
 a - a +0 leather armour (worn)
 b - a +0 helmet
Jewellery
 u - an uncursed amulet of rage {unknown}
Scrolls
 e - 2 scrolls of amnesia {unknown}
 g - a scroll of enchant armour {unknown}
 i - 3 scrolls of magic mapping {unknown}
 k - a scroll of fear {unknown}
 m - 3 scrolls of blinking {unknown}
 n - a scroll of noise {unknown}
 o - a scroll of immolation {unknown}
 q - 2 scrolls of identify {unknown}
 r - a scroll of enchant weapon {unknown}
 s - a scroll of teleportation {unknown}
Potions
 f - a potion of heal wounds {unknown}
 h - a potion of magic {unknown}
 j - a potion of degeneration {unknown}
 l - a potion of agility {unknown}
 p - a potion of haste {unknown}
Comestibles
 d - 7 rations


   Skills:
 + Level 4.1 Fighting
 - Level 1.7 Throwing
 - Level 2.6 Dodging
 - Level 4.6 Unarmed Combat


You had 4 spell levels left.
You didn't know any spells.
Your spell library contained the following spells:

 Spells                   Type           Power        Failure   Level  Hunger
 Beastly Appendage        Tmut           #.....       43%         1    ##.....
 Sticks to Snakes         Tmut           #.......     58%         2    ###....
 Spider Form              Tmut/Pois      #.........   82%         3    ####...
 Ice Form                 Ice/Tmut       #.......     99%         4    #####..
 Blade Hands              Tmut           #.........   100%        5    ######.


Dungeon Overview and Level Annotations

Branches:
Dungeon (3/15)

Altars:


Innate Abilities, Weirdness & Mutations

You have a pair of antennae on your head.
You have large cloven feet.
You are slightly more attuned to the shadows.


Message History

You kick the worker ant, but do no damage.
The worker ant is moderately wounded.
The worker ant barely misses you.
You hit the worker ant but do no damage.
You kick the worker ant, but do no damage.
The worker ant is moderately wounded.
The worker ant barely misses you.
You feel sick.
The orc priest looks braver for a moment.
You hit the worker ant but do no damage.
You kick the worker ant.
The worker ant is moderately wounded.
The worker ant misses you.
You hit the worker ant but do no damage.
You kick the worker ant.
The worker ant is heavily wounded.
The worker ant bites you but does no damage.
The orc priest mumbles some strange prayers to Beogh against you.
Beogh smites you!
You die...

..>..####...####.#.#.#.####.#
#. ......#####....#.##.##.#
#.# #. ......†# ####.#....†..#
#.# #.
..>....######o.######### #.#
#. .....oo))o.o..{.## #.# #.#
## <...(.w########.o# ##.# #.#
# .......# ##o# #..# #.# #
<.....## #a###.## #.# #
)......# #@....# #.# #
.......# #####....## #.# #
.......# #......#.#### #.# #
.......# ###......#....## #.#
# ...(...#
#........####..###.# #
......####.#......#####.....#
#
.<...####..#......##........#
#
######.)..####.......######.##
# ..#.)..####....####### #..#
#


You could see a worker ant, an orc priest and an orc.

Vanquished Creatures
  An orc priest (D:3)
  7 adders
  2 oozes (D:2)
  3 worms
  2 dart slugs
  5 leopard geckos
  12 orcs (D:3)
  7 bats
  3 giant cockroaches
  6 goblins
  4 hobgoblins (D:3)
  5 jackals
  6 frilled lizards
  6 kobolds
  7 rats
76 creatures vanquished.

Notes
Turn   | Place    | Note
-------+----------+-------------------------------------------
     0 | D:1      | DenSaoPin the Demonspawn Gladiator began the quest for the
                  | Orb.
     0 | D:1      | Reached XP level 1. HP: 16/16 MP: 1/1
   218 | D:1      | Gained mutation: You have a pair of small antennae on your
                  | head. [demonic ancestry]
   218 | D:1      | Reached XP level 2. HP: 8/22 MP: 2/2
  1067 | D:2      | Gained mutation: You have large cloven feet. [demonic
                  | ancestry]
  1067 | D:2      | Reached XP level 3. HP: 20/27 MP: 3/3
  1529 | D:2      | Gained mutation: You have a pair of antennae on your head.
                  | [demonic ancestry]
  1529 | D:2      | Reached XP level 4. HP: 13/33 MP: 4/4
  2803 | D:3      | Gained mutation: You are slightly more attuned to the
                  | shadows. [demonic ancestry]
  2803 | D:3      | Reached XP level 5. HP: 27/41 MP: 5/5
  3927 | D:3      | Killed from afar by an orc priest

Skill      XL: |  1  2  3  4  5 |
---------------+----------------+-----
Unarmed Combat | 3 4 |  4.6
Fighting       | 3 4 |  4.1
Throwing       | |  1.7
Dodging        | |  2.6

Action                   |  1- 3 |  4- 6 || total
-------------------------+-------+-------++-------
Melee: Unarmed           |   105 |   184 ||   289
       Punch             |     4 |     2 ||     6
       Kick              |    15 |    51 ||    66
 Stab: Sleeping          |       |     2 ||     2
  Eat: Chunk             |     2 |     7 ||     9
Armor: Leather armour    |    18 |    35 ||    53
Dodge: Dodged            |    69 |   103 ||   172
